 Dungeon Crawl Stone Soup version 0.30-a0-359-gd0147acb1a (webtiles) character file.

Game seed: 2810218718730682966

112 RascalDebosk the Magician (level 5, -2/36 HPs)
             Began as a Djinni Venom Mage on Nov 11, 2022.
             Slain by a gnoll
             ... wielding a +0 halberd
              (13 damage)
             ... on level 3 of the Dungeon.
             The game lasted 00:16:08 (1532 turns).

RascalDebosk the Magician (Djinni Venom Mage)       Turns: 1532, Time: 00:16:08

Health: -2/36      AC:  2    Str: 13    XL:     5   Next: 16%
Gold:   92         EV: 12    Int: 18    God:
                   SH:  0    Dex: 14

rFire   + + .      SeeInvis .    s - +2 dagger (speed)
rCold   x . .      Faith    .    (no shield)
rNeg    . . .      Spirit   .    a - +0 robe
rPois   ∞          Reflect  .    (no helmet)
rElec   .          Harm     .    (no cloak)
rCorr   .          Rampage  .    (no gloves)
Will    .....                    (boots unavailable)
Stlth   ++........               (no amulet)
HPRegen 0.26/turn                i - +6 ring of strength
MPRegen 0.00/turn                (no ring)

@: flying
A: sickness immunity, fire resistance 2, cold vulnerability 1, float, innate
caster, HP casting, extra vitality 1
a: no special abilities


You were on level 3 of the Dungeon.
You visited 1 branch of the dungeon, and saw 3 of its levels.

You collected 92 gold pieces.

Inventory:

Hand Weapons
 s - a +2 dagger of speed (weapon)
Armour
 a - a +0 robe (worn)
 b - a +0 buckler
 n - a +0 helmet
Jewellery
 i - a +6 ring of strength (left hand)
Scrolls
 e - a scroll of magic mapping {unknown}
 h - 3 scrolls of identify {unknown}
 j - a scroll of enchant armour {unknown}
 k - 2 scrolls of summoning {unknown}
 l - a scroll of teleportation {unknown}
 m - 2 scrolls of noise {unknown}
Potions
 c - a potion of cancellation {unknown}
 d - 4 potions of heal wounds {unknown}
 f - 2 potions of curing {unknown}
 g - 2 potions of berserk rage {unknown}


   Skills:
 + Level 0.7 Fighting
 - Level 2.1 Dodging
 - Level 1.5 Stealth
 * Level 4.1 Spellcasting


You couldn't memorise any spells.
You knew the following spells:

 Your Spells              Type           Power      Damage    Failure   Level
a - Sting                 Tmut/Pois      72%        1d6       2%          1
b - Poisonous Vapours     Pois/Air       36%        N/A       4%          2
c - Mephitic Cloud        Conj/Pois/Air  18%        N/A       8%          3
d - Olgreb's Toxic Radia  Pois           18%        N/A       26%         4
e - Sandblast             Erth           36%        2d10      2%          1
f - Scorch                Fire           36%        2d7       4%          2
Your spell library was empty.

Dungeon Overview and Level Annotations

Branches:
Dungeon (3/15)

Altars:


Innate Abilities, Weirdness & Mutations

You are immune to sickness and miasma.
You are immune to poison.
Your flesh is very heat resistant. (rF++)
You are vulnerable to cold. (rC-)
You float through the air rather than walking.
You learn spells naturally, not from books.
Your magical power is your life essence.
You have superior vitality. (+4 MHP)


Message History

Poisonous vapours surround the gnoll!
The gnoll is poisoned.
Something hits the gnoll.
A goblin comes into view. It is wielding a +0 dagger.
The gnoll is engulfed in noxious fumes.
The gnoll appears confused.
Casting: Poisonous Vapours (safe; 4% risk of failure)
Confirm with . or Enter, or press ? or * to list all spells.
Aiming: Poisonous Vapours (safe; 4% risk of failure)
Press: ? - help, Dir - move target, f/p - gnoll
Aim: a gnoll, wielding a +0 spear (noxious fumes, moderately wounded, confused, poisoned) Poisonous vapours surround the gnoll!
The gnoll looks even sicker.
The goblin shouts!
The gnoll is engulfed in noxious fumes.
The gnoll appears confused.
The gnoll is engulfed in noxious fumes.
The gnoll appears confused.
Casting: Poisonous Vapours (safe; 4% risk of failure)
Confirm with . or Enter, or press ? or * to list all spells.
Aiming: Poisonous Vapours (safe; 4% risk of failure)
Press: ? - help, Dir - move target, f - gnoll, p - gnoll
Aim: a gnoll, wielding a +0 halberd (confused) Poisonous vapours surround the gnoll!
The gnoll is poisoned.
The gnoll is engulfed in noxious fumes.
The gnoll appears confused.
You catch the helpless gnoll completely off-guard!
You hit the gnoll.
The gnoll is heavily wounded.
You hit the gnoll.
The gnoll is almost dead.
You kill the gnoll!
A giant cockroach comes into view.
Training target 4.0 for Spellcasting reached!
Your Spellcasting skill increases to level 4!
You need to enable at least one skill for training.
The gnoll barely misses you.
The gnoll hits itself with a +0 halberd!
The gnoll is killed!
A gnoll, a quokka and an endoplasm come into view.
The goblin hits you with a +0 dagger.
The giant cockroach bites you but does no damage.
You see here a +0 halberd.
You closely miss the goblin. The goblin barely misses you.
You hit the goblin.
The goblin is heavily wounded.
The giant cockroach misses you.
You hit the goblin.
You kill the goblin!
The giant cockroach bites you but does no damage.
You have reached level 5!
The power to cast Scorch wells up from within.
Spell assigned to 'f'.
Casting: Poisonous Vapours (safe; 4% risk of failure)
Confirm with . or Enter, or press ? or * to list all spells.
Flames lash the giant cockroach.
You kill the giant cockroach!
Casting: Scorch (safe; 4% risk of failure)
Confirm with . or Enter, or press ? or * to list all spells.
Flames lash the endoplasm.
The endoplasm is lightly wounded.
The endoplasm's fire resistance burns away.
You hear a shout!
The quokka bites you but does no damage.
The gnoll hits the quokka with a +0 club.
Casting: Scorch (safe; 4% risk of failure)
Confirm with . or Enter, or press ? or * to list all spells.
Flames lash the endoplasm.
The endoplasm is burned terribly!
You kill the endoplasm!
The quokka closely misses you.
A gnoll comes into view. It is wielding a +0 halberd.
A ball python comes into view.
The quokka closely misses you.
Casting: Scorch (safe; 4% risk of failure)
Confirm with . or Enter, or press ? or * to list all spells.
Flames lash the gnoll.
The gnoll is lightly wounded.
The gnoll's fire resistance burns away.
* * * LOW HITPOINT WARNING * * *
The gnoll hits something with a +0 club.
The gnoll hits itself with a +0 club.
The quokka bites you.
* * * LOW HITPOINT WARNING * * *
You hear a shout!
The quokka attacks as you move away! The quokka closely misses you.
You hit the quokka.
You kill the quokka!
Casting: Scorch (safe; 4% risk of failure)
Confirm with . or Enter, or press ? or * to list all spells.
Flames lash the gnoll.
The gnoll is severely wounded.
The gnoll's fire resistance burns away.
* * * LOW HITPOINT WARNING * * *
The gnoll is no longer more vulnerable to fire.
Casting: Scorch (safe; 4% risk of failure)
Confirm with . or Enter, or press ? or * to list all spells.
Flames lash the gnoll.
The gnoll is burned terribly!
You kill the gnoll!
* * * LOW HITPOINT WARNING * * *
Casting: Scorch (safe; 4% risk of failure)
Confirm with . or Enter, or press ? or * to list all spells.
Flames lash the gnoll.
The gnoll is severely wounded.
The gnoll's fire resistance burns away.
* * * LOW HITPOINT WARNING * * *
The gnoll hits you from afar with a +0 halberd!
You die...

....# #
.#.#
##..#.#
###.. ...
....)...#
###...#.#
......gS#
#)#
#@####
#....#
####.#
#.# #.#
#.# ..
#.# #.
#.# ..
#.#


You could see a gnoll (combustible) and a ball python.

Vanquished Creatures
  Robin (D:2)
  3 gnolls (D:3)
  3 dart slugs
  3 ball pythons (D:1)
  7 endoplasms
  5 giant cockroaches
  13 goblins
  3 hobgoblins (D:2)
  4 jackals (D:2)
  3 quokkas
  5 bats
  A frilled lizard (D:2)
  3 kobolds (D:1)
  4 rats
58 creatures vanquished.

Vanquished Creatures (others)
  A fungus (D:2)
1 creature vanquished.

Grand Total: 59 creatures vanquished

Notes
Turn   | Place    | Note
-------+----------+-------------------------------------------
     0 | D:1      | RascalDebosk the Djinni Venom Mage began the quest for the
                  | Orb.
     0 | D:1      | RascalDebosk set off with the following spells memorised:
                  | Sting, Poisonous Vapours, Mephitic Cloud, Olgreb's Toxic
                  | Radiance.
     0 | D:1      | Reached XP level 1. HP: 15/15 MP: 0/0
   225 | D:1      | Reached XP level 2. HP: 20/21 MP: 0/0
   384 | D:1      | Reached skill level 3 in Spellcasting
   550 | D:1      | Reached XP level 3. HP: 23/25 MP: 0/0
   550 | D:1      | Learned a level 1 spell: Sandblast
   868 | D:2      | Found a faded altar of an unknown god.
  1055 | D:2      | Reached XP level 4. HP: 7/31 MP: 0/0
  1347 | D:2      | Noticed Robin
  1353 | D:2      | Killed Robin
  1519 | D:3      | Reached skill level 4 in Spellcasting
  1524 | D:3      | Reached XP level 5. HP: 25/36 MP: 0/0
  1524 | D:3      | Learned a level 2 spell: Scorch
  1532 | D:3      | Slain by a gnoll

Illustrated notes

Levels and vault maps discovered:
D:1:      dpeg_arrival_shrine, layout_basic, kennysheep_nondescript
D:2:      layout_rooms, shapermc_ecumenical_altar_ellora, grunt_ministairs_13,
          uniq_robin
D:3:      layout_loops_ring, grunt_ministairs_11, nrook_mini_vaults

Skill      XL: |  1  2  3  4 |
---------------+-------------+-----
Spellcasting   | 3 4 |  4.1
Fighting       | |  0.7
Dodging        | |  2.1
Stealth        | |  1.5

Action                   |  1- 3 |  4- 6 || total
-------------------------+-------+-------++-------
Melee: Unarmed           |     6 |       ||     6
       Dagger            |       |     6 ||     6
 Cast: Sting             |    25 |       ||    25
       Poisonous Vapours |    13 |     4 ||    17
       Sandblast         |    27 |    16 ||    43
       Mephitic Cloud    |     1 |     2 ||     3
       Scorch            |       |     7 ||     7
 Stab: Confused          |       |     1 ||     1
Armor: Robe              |     6 |     5 ||    11
Dodge: Dodged            |    20 |     9 ||    29

Table legend: (Time is in decaauts)
 A = Elapsed time spent in this place.
 B = Non-inter-level travel time spent in this place.
 C = Inter-level travel time spent in this place.
 D = Time resting spent in this place.
 E = Time spent auto-exploring this place.
 F = Levels seen in this place.
 G = Mean time per level.
                   A        B        C        D        E       F      G
               +--------+--------+--------+--------+--------+-----+--------+
         Total |   1550 |   1522 |     28 |    271 |    561 |   3 |  516.7 |
       Dungeon |   1550 |   1522 |     28 |    271 |    561 |   3 |  516.7 |
               +--------+--------+--------+--------+--------+-----+--------+

Top non-repeatable levels by time:
     D:1: 794 daAuts
     D:2: 707 daAuts
     D:3: 48 daAuts
